Map: Lerilak Crest

Players

MrAlarak - Winner!

  • Race: Protoss Protoss
  • League: Diamond

WhackMaster

  • Race: Zerg Zerg
  • League: Diamond

VOD

Have the link to the VOD?

Description

Time

  • Played on: Jan. 1, 2016, 7:49 p.m.
  • Length: 9:46
Show
View Real Time Build Order
Export as new Build Order

MrAlarak Protoss - Winner!

Build Orders: 1 Gate Expand, Oracle Opening 

Get SALT Encoding   

  12  0:00  Probe (Chrono Boost)  
  13  0:11  Probe (Chrono Boost)  
  14  0:23  Probe (Chrono Boost), Pylon  
  15  0:41  Probe (Chrono Boost)  
  16  0:46  Gateway  
  16  0:50  Gateway  
  16  1:00  Assimilator  
  16  1:01  Probe (Chrono Boost)  
  17  1:11  Probe (Chrono Boost)  
  18  1:23  Probe (Chrono Boost)  
  19  1:38  Nexus  
  19  1:47  Cybernetics Core  
  19  1:49  Probe (Chrono Boost)  
  20  2:04  Pylon  
  20  2:06  Probe (Chrono Boost)  
  20  2:07  Assimilator  
  21  2:23  Adept x2  
  25  2:35  Stargate  
  25  2:38  Probe (Chrono Boost)  
  26  2:45  Pylon  
  26  2:48  Probe (Chrono Boost)  
  27  3:01  Mothership Core (Chrono Boost)  
  29  3:07  Probe (Chrono Boost), Pylon  
  29  3:12  Zealot  
  32  3:21  Oracle  
  35  3:29  Probe (Chrono Boost)  
  34  3:43  Probe (Chrono Boost)  
  35  3:49  Adept x2  
  35  3:52  Probe (Chrono Boost)  
  35  3:54  Probe (Chrono Boost)  
  39  4:05  Probe x2 (Chrono Boost)  
  39  4:06  Pylon  
  41  4:16  Probe (Chrono Boost)  
  42  4:26  Stalker x2  
  42  4:27  Warp Gate  
  46  4:33  Probe (Chrono Boost)  
  46  4:34  Probe (Chrono Boost)  
  42  4:44  Probe x2 (Chrono Boost)  
  38  5:03  Void Ray  
  42  5:17  Pylon x2  
  42  5:20  Pylon  
  42  5:23  Adept x2  
  43  5:35  Probe (Chrono Boost)  
  43  5:43  Robotics Facility  
  43  5:44  Twilight Council  
  43  6:04  Nexus  
  43  6:15  Probe (Chrono Boost)  
  48  6:20  Resonating Glaives (Chrono Boost)  
  44  6:39  Probe  
  42  6:41  Adept x2  
  46  6:50  Phoenix  
  46  6:51  Gateway  
  46  6:53  Gateway  
  48  6:56  Gateway  
  48  7:08  Stalker x2  
  52  7:09  Warp Prism (Chrono Boost)  
  54  7:18  Pylon  
  54  7:36  Phoenix  
  56  7:38  Pylon  
  56  7:49  Sentry  
  58  8:03  Adept x4  
  64  8:23  Zealot  
  64  8:24  Zealot  
  64  8:25  Sentry x2  
  66  8:40  Adept  
  64  8:45  Adept  
  66  8:51  Adept  
  68  9:01  Stalker  
  68  9:05  Sentry  
  70  9:15  Pylon  
  70  9:36  Zealot x2  
  70  9:38  Sentry  
Show
View Real Time Build Order
Export as new Build Order

WhackMaster Zerg 

Build Orders: Hatch First 

Get SALT Encoding   

  12  0:01  Drone  
  13  0:11  Drone  
  14  0:17  Overlord  
  14  0:28  Extractor  
  14  0:29  Drone, Extractor  
  14  0:30  Drone  
  16  0:54  Hatchery  
  15  0:57  Drone  
  16  1:08  Spawning Pool  
  15  1:14  Drone, Extractor  
  15  1:20  Drone  
  15  1:24  Drone  
  17  1:35  Drone  
  18  1:53  Drone  
  19  1:55  Queen  
  19  1:56  Zergling x2  
  22  2:01  Evolution Chamber  
  22  2:06  Queen  
  22  2:08  Drone  
  24  2:10  Drone  
  25  2:20  Overlord  
  25  2:27  Zerg Melee Weapons Level 1  
  25  2:30  Drone  
  25  2:31  Drone  
  27  2:38  Drone  
  28  2:57  Metabolic Boost  
  28  2:59  Overlord  
  28  3:02  Drone  
  28  3:03  Drone x4  
  33  3:09  Overlord  
  33  3:11  Drone x2  
  35  3:15  Zergling x2  
  35  3:27  Zergling x8  
  30  3:57  Baneling Nest  
  30  3:58  Zergling x14  
  30  3:59  Zergling x4  
  38  4:03  Zergling x2  
  39  4:15  Zergling x4  
  37  4:27  Spore Crawler  
  37  4:30  Zergling x2  
  37  4:31  Zergling x8  
  34  4:53  Zergling x10  
  34  4:56  Baneling x3  
  32  5:18  Drone  
  32  5:19  Drone x6  
  39  5:35  Drone x3  
  40  5:45  Extractor  
  40  5:47  Drone x2  
  40  5:48  Drone x2  
  43  5:50  Spore Crawler  
  42  6:01  Queen  
  44  6:11  Drone x2  
  46  6:20  Lair  
  46  6:25  Spore Crawler  
  45  6:37  Queen  
  46  6:51  Extractor  
  46  6:53  Hatchery  
  44  6:59  Drone  
  44  7:00  Drone  
  46  7:12  Drone x2, Overlord  
  46  7:13  Overlord  
  48  7:18  Extractor  
  48  7:19  Zerg Missile Weapons Level 1  
  47  7:36  Overseer  
  47  7:38  Overseer  
  47  7:39  Drone x5  
  47  7:40  Drone x4  
  56  8:09  Zergling x4  
  56  8:10  Zergling x20  
  29  8:46  Zergling x18  
  29  8:47  Zergling x8  
  42  9:00  Roach Warren  
  38  9:27  Zergling x12  
Tags
 
Add a new tag
Caveats
  • Supply blocks, unpowered buildings, or Contaminate may cause inaccurate times.
  • Supply counts are checked every 10 seconds.